 Dungeon Crawl Stone Soup version 0.23.2 (webtiles) character file.

Game seed: 15294166193415408276

483 cklessthan3 the Ruffian (level 6, -1/59 HPs)
             Began as a Troll Berserker on Apr 10, 2019.
             Was a Priest of Trog.
             Slain by a slave (9 damage)
             ... led by Pikel
             ... on level 4 of the Dungeon.
             The game lasted 00:06:15 (2775 turns).

cklessthan3 the Ruffian (Troll Berserker)           Turns: 2775, Time: 00:06:16

Health: -1/59      AC:  9    Str: 28    XL:     6   Next: 88%
Magic:  5/5        EV: 10    Int:  3    God:    Trog [***...]
Gold:   156        SH:  0    Dex:  9    Spells: 5/5 levels left

rFire    . . .     SeeInvis .     - Unarmed
rCold    . . .     Gourm    +   (no shield)
rNeg     . . .     Faith    .   a - +0 animal skin
rPois    .         Spirit   .   (helmet restricted)
rElec    .         Reflect  .   n - +2 cloak
rCorr    .         Harm     .   (gloves unavailable)
MR       .....                  (boots unavailable)
Stlth    +.........             (no amulet)
HPRegen  0.59/turn              (no ring)
MPRegen  0.09/turn              (no ring)

@: no status effects
A: large, unfitting armour, claws 3, fast metabolism 3, gourmand, regeneration
1, shaggy fur 1, tough skin 3
a: Berserk, Trog's Hand, Renounce Religion


You were on level 4 of the Dungeon.
You worshipped Trog.
Trog was most pleased with you.
You were completely stuffed.

You visited 1 branch of the dungeon, and saw 4 of its levels.

You collected 156 gold pieces.

Inventory:

Armour
 a - a +0 animal skin (worn)
 n - a +2 cloak (worn)
Wands
 i - a wand of enslavement (8)
 m - a wand of paralysis (10)
 q - a wand of random effects (19)
Scrolls
 c - a scroll of teleportation {unknown}
 e - 3 scrolls of identify {unknown}
 g - a scroll of enchant weapon {unknown}
 j - 3 scrolls of remove curse {unknown}
 k - 2 scrolls of fog {unknown}
 l - a scroll of blinking {unknown}
 p - a scroll of immolation {unknown}
Potions
 d - a potion of lignification {unknown}
 f - a potion of flight {unknown}
 h - 2 potions of haste {unknown}
Comestibles
 b - 4 rations
 o - 4 chunks of flesh


   Skills:
 + Level 2.6 Fighting
 + Level 2.7 Dodging
 + Level 7.6 Unarmed Combat


You had 5 spell levels left.
You didn't know any spells.
Your spell library was empty.

Dungeon Overview and Level Annotations

Branches:
Dungeon (4/15)
 Temple: D:4-7

Altars:
Gozag
Okawaru
Trog
Vehumet
The Shining One

Annotations:
D:4 Pikel


Innate Abilities, Weirdness & Mutations

You are too large for most types of armour.
You have claws for hands.
Your metabolism is lightning-fast.
You like to eat raw meat.
Your natural rate of healing is unusually fast.
You are covered in fur. (AC +1)
You have extremely tough skin. (AC +3)


Message History

Pikel is lightly wounded.
The slave closely misses you. The slave hits you but does no damage.
Pikel hits you but does no damage. The slave hits you but does no damage.
The adder bites you.
You scratch Pikel. You claw Pikel!
Pikel is severely wounded.
The adder misses you. The slave barely misses you. The slave hits you!
Pikel hits you with a +0 whip of freezing.
* * * LOW HITPOINT WARNING * * *
Pikel freezes you.
* * * LOW HITPOINT WARNING * * *
The slave barely misses you.
You closely miss Pikel. Your claw misses Pikel.
Pikel is severely wounded.
The adder bites you.
* * * LOW HITPOINT WARNING * * *
The slave hits you.
* * * LOW HITPOINT WARNING * * *
The slave hits you!
You die...

#. ..# ####.
..##
#....##+#...
#..........#
#..........#
##.......$..###.
#.......pp......
#.......@K..#
.###+#Sp#..#
...............
#.#.#.#..#......
#.#..$...... #
#.........
.....##...
#..... ..
#...###


You could see Pikel, 3 slaves and an adder.

Vanquished Creatures
  Sigmund (D:3)
  A slave (D:4)
  The ghost of grocchini the Chopper, a weakling HOMo (D:3)
  Jessica (D:2)
  Natasha (thrice) (D:3)
  2 worker ants (D:3)
  A gnoll (D:3)
  2 adders
  3 worms (D:3)
  2 dart slugs (D:1)
  2 leopard geckos
  3 orcs (D:3)
  13 bats
  3 giant cockroaches
  6 hobgoblins
  7 jackals
  11 kobolds
  2 quokkas (D:2)
  5 frilled lizards
  13 goblins
  9 rats
91 creatures vanquished.

Notes
Turn   | Place    | Note
-------+----------+-------------------------------------------
     0 | D:1      | cklessthan3 the Troll Berserker began the quest for the
                  | Orb.
     0 | D:1      | Reached XP level 1. HP: 22/22 MP: 0/0
    59 | D:1      | Reached XP level 2. HP: 24/29 MP: 1/1
   245 | D:1      | Reached XP level 3. HP: 36/36 MP: 2/2
   309 | D:1      | Reached ** piety under Trog
   400 | D:1      | You fall through a shaft!
   409 | D:2      | Reached skill level 4 in Unarmed Combat
   595 | D:2      | Found a radiant altar of Vehumet.
   915 | D:2      | Noticed Jessica
   920 | D:2      | Killed Jessica
   920 | D:2      | Reached XP level 4. HP: 44/44 MP: 3/3
   932 | D:2      | Found a glowing golden altar of the Shining One.
   932 | D:2      | Found a bloodstained altar of Trog.
  1610 | D:3      | Noticed Natasha
  1619 | D:3      | Killed Natasha
  1619 | D:3      | Reached skill level 5 in Unarmed Combat
  1732 | D:3      | Found a faded altar of an unknown god.
  1749 | D:3      | Found a runed translucent gate.
  1750 | D:3      | Found a runed translucent gate.
  1751 | D:3      | Found a runed translucent gate.
  1751 | D:3      | Found an opulent altar of Gozag.
  1755 | D:3      | Noticed grocchini's ghost (weakling HOMo)
  1771 | D:3      | Reached XP level 5. HP: 50/50 MP: 4/4
  1788 | D:3      | Killed grocchini's ghost
  1809 | D:3      | Reached skill level 6 in Unarmed Combat
  2062 | D:3      | Reached *** piety under Trog
  2064 | D:3      | Noticed Natasha
  2073 | D:3      | Killed Natasha
  2073 | D:3      | Reached XP level 6. HP: 57/59 MP: 5/5
  2214 | D:3      | Noticed Sigmund
  2220 | D:3      | Killed Sigmund
  2220 | D:3      | Reached skill level 7 in Unarmed Combat
  2541 | D:3      | Found an iron altar of Okawaru.
  2640 | D:3      | Noticed Natasha
  2645 | D:3      | Killed Natasha
  2762 | D:4      | Noticed a slave
  2762 | D:4      | Noticed a slave
  2762 | D:4      | Noticed a slave
  2762 | D:4      | Noticed a slave
  2763 | D:4      | Noticed Pikel
  2770 | D:4      | Killed a slave
  2775 | D:4      | Slain by a slave

Skill      XL: |  1  2  3  4  5  6 |
---------------+-------------------+-----
Unarmed Combat | 4 5 6 7 |  7.6
Fighting       | |  2.6
Dodging        | |  2.7

Action                   |  1- 3 |  4- 6 || total
-------------------------+-------+-------++-------
Melee: Unarmed           |   135 |   135 ||   270
       Punch             |     1 |     4 ||     5
 Stab: Sleeping          |     1 |       ||     1
  Eat: Chunk             |     4 |    20 ||    24
       Ration            |       |     2 ||     2
Armor: Animal skin       |    73 |    64 ||   137
Dodge: Dodged            |    72 |    76 ||   148
